 Dungeon Crawl Stone Soup version 0.30-a0-170-g85af917532 (webtiles) character file.

Game seed: 3020854876967340832

221 qw the Chopper (level 5, -5/33 HPs)
             Began as a Gargoyle Fighter on Sept 30, 2022.
             Slain by an orc priest
             ... wielding a +0 flail
              (8 damage)
             ... on level 3 of the Dungeon.
             The game lasted 00:00:53 (3165 turns).

qw the Chopper (Gargoyle Fighter)                   Turns: 3165, Time: 00:00:54

Health: -5/33      AC: 12    Str: 21    XL:     5   Next: 98%
Magic:  5/5        EV:  9    Int:  9    God:
Gold:   220        SH:  4    Dex:  9    Spells: 4/4 levels left

rFire   . . .      SeeInvis .    Y - +0 war axe
rCold   . . .      Faith    .    c - +0 buckler
rNeg    + + .      Spirit   .    b - +0 scale mail
rPois   inf        Reflect  .    (no helmet)
rElec   +          Harm     .    (no cloak)
rCorr   .          Rampage  .    a - +0 pair of gloves {hurl}
Will    .....                    (no boots)
Stlth   ..........               (no amulet)
HPRegen 0.11/turn                h - ring of positive energy
MPRegen 0.09/turn                (no ring)

@: no status effects
A: sickness immunity, AC +4, negative energy resistance 1, electricity
resistance, torment resistance 1, petrification resistance
a: no special abilities


You were on level 3 of the Dungeon.
You visited 1 branch of the dungeon, and saw 3 of its levels.

You collected 220 gold pieces.


Innate Abilities, Weirdness & Mutations

You are immune to sickness and miasma.
Your stone body is resilient. (AC +4)
You are immune to poison.
You resist negative energy. (rN+)
You are resistant to electric shocks. (rElec)
You are resistant to unholy torment.
You are immune to petrification.


   Skills:
 - Level 4.0 Fighting
 - Level 5.0 Axes
 - Level 3.2 Armour
 + Level 0.3 Dodging
 - Level 3.2 Shields


You had 4 spell levels left.
You didn't know any spells.
Your spell library was empty.

Inventory:

Hand Weapons
 k - a +0 flail
 Y - a +0 war axe (weapon)
Armour
 a - a +0 pair of gloves of hurling (worn)
 b - a +0 scale mail (worn)
 c - a +0 buckler (worn)
Jewellery
 h - a ring of positive energy (left hand)
Scrolls
 g - a scroll of teleportation {unknown}
 l - a scroll of butterflies {unknown}
Potions
 d - 3 potions of might
 e - a potion of invisibility {unknown}
 f - a potion of ambrosia {unknown}
 i - a potion of heal wounds {unknown}
 j - a potion of flight {unknown}

Dungeon Overview and Level Annotations

Branches:
Dungeon (3/15)

Altars:


Message History

The orc priest barely misses you.
You closely miss the orc.
The orc is severely wounded.
You hit the orc priest. You closely miss the orc. The orc barely misses you.
The orc hits you but does no damage. You block the orc priest's attack.
The orc priest hits you with a +0 flail.
You slash the orc!
You kill the orc!
You barely miss the orc priest. You closely miss the orc.
The orc priest hits you but does no damage.
The orc hits you but does no damage.
The orc priest hits you but does no damage.
The orc priest hits you with a +0 mace. The orc hits you with a +0 whip.
The orc priest barely misses you. You block the orc priest's attack.
An orc comes into view. It is wielding a +0 flail.
You barely miss the orc priest.
The orc priest is moderately wounded.
You hit the orc priest. You slash the orc!
You kill the orc!
The orc priest calls upon Beogh to heal the orc priest.
The orc priest's wounds heal themselves!
The orc priest hits you but does no damage.
The orc priest barely misses you.
You closely miss the orc priest.
The orc priest is lightly wounded.
You miss something. You hit the orc priest. The orc priest closely misses you.
An orc comes into view. It is wielding a +0 flail.
You block the orc priest's attack.
The orc priest hits you but does no damage.
Something hits you but does no damage.
You barely miss the orc priest.
The orc priest is moderately wounded.
The orc shouts!
You hit the orc priest. You miss something.
The orc priest invokes the aid of Beogh against you.
Pain shoots through your body! Something hits you but does no damage.
The orc priest hits you with a +0 flail!
You die...

..# #....'..# ..#
#....##.# ..#
#....##.# ..#
#....##.# ###
#..).##.# #....##.#
#....##.# #
#######.############
.
............@oo.....
.
............o{o.o.o.
........########.###
........# #
........# ........#
..<.....# ...#+##.#


You could see 3 orc priests and 3 orcs.

Vanquished Creatures
  An orc wizard (D:3)
  Natasha (thrice) (D:2)
  3 gnolls (D:2)
  2 adders
  2 dart slugs (D:2)
  7 orcs (D:3)
  8 ball pythons
  5 bats
  7 endoplasms
  2 giant cockroaches
  4 goblins
  6 hobgoblins
  3 jackals (D:2)
  2 quokkas
  2 frilled lizards
  4 kobolds
  4 rats
65 creatures vanquished.

Notes
Turn   | Place    | Note
-------+----------+-------------------------------------------
     0 | D:1      | qw the Gargoyle Fighter began the quest for the Orb.
     0 | D:1      | Reached XP level 1. HP: 14/14 MP: 1/1
     0 | D:1      | 0 ||| qw: Version: 0.2-a-13-gfc7b4b4
     0 | D:1      | 0 ||| qw: Game counter: 1667
     0 | D:1      | 0 ||| qw: Always use a shield: true
     0 | D:1      | 0 ||| qw: God list: Okawaru
     0 | D:1      | 0 ||| qw: Allow faded altars: false
     0 | D:1      | 0 ||| qw: Do Orc after D:15 true
     0 | D:1      | 0 ||| qw: Do second Lair branch before Depths: true
     0 | D:1      | 0 ||| qw: Lair rune preference: random
     0 | D:1      | 0 ||| qw: Plans: Normal, Zot:1-4, God:TSO, Crypt, Tomb,
                  | Pan, Slime:5, Hells, Abyss, Orb
     0 | D:1      | 0 ||| PLANNING D:1-11
   204 | D:1      | Reached skill level 2 in Axes
   586 | D:1      | Reached XP level 2. HP: 13/19 MP: 2/2
  1122 | D:1      | 1122 ||| Stepping ~*~*~tactically~*~*~ (stealth).
  1123 | D:1      | 1123 ||| Stepping ~*~*~tactically~*~*~ (stealth).
  1126 | D:1      | HP: 4/19 [ball python (3)]
  1539 | D:1      | Reached skill level 3 in Axes
  1721 | D:1      | You fall into a shaft and drop 1 floor!
  1745 | D:2      | Reached XP level 3. HP: 21/23 MP: 3/3
  1889 | D:2      | 1889 ||| UPGRADING to ring of positive energy.
  1890 | D:2      | 1890 ||| READING scroll labelled MARODW CINOXZO.
  1891 | D:2      | 1891 ||| READING scroll labelled POXESHR PUQEI.
  1892 | D:2      | 1892 ||| READING scroll labelled JEJAEKLUEBY.
  1892 | D:2      | Identified a scroll of acquirement
  1892 | D:2      | 1892 ||| ACQUIRING +0 pair of gloves of hurling
  1892 | D:2      | Acquired a +0 pair of gloves of hurling
  1893 | D:2      | Noticed Natasha
  1901 | D:2      | Killed Natasha
  1902 | D:2      | Reached XP level 4. HP: 21/28 MP: 4/4
  1903 | D:2      | 1903 ||| Stepping ~*~*~tactically~*~*~ (stealth).
  1905 | D:2      | 1905 ||| Stepping ~*~*~tactically~*~*~ (stealth).
  1906 | D:2      | 1906 ||| Stepping ~*~*~tactically~*~*~ (stealth).
  1966 | D:2      | 1966 ||| Stepping ~*~*~tactically~*~*~ (stealth).
  1980 | D:2      | Reached skill level 4 in Axes
  2037 | D:2      | 2037 ||| UPGRADING to +0 pair of gloves of hurling.
  2042 | D:2      | 2042 ||| READING scroll labelled WOCEKKUGAT.
  2341 | D:2      | 2341 ||| STAIRDANCE
  2466 | D:2      | Reached XP level 5. HP: 28/32 MP: 5/5
  2475 | D:2      | Noticed Natasha
  2476 | D:2      | 2476 ||| Stepping ~*~*~tactically~*~*~ (stealth).
  2483 | D:2      | 2483 ||| Stepping ~*~*~tactically~*~*~ (stealth).
  2484 | D:2      | 2484 ||| Stepping ~*~*~tactically~*~*~ (stealth).
  2488 | D:2      | Killed Natasha
  2805 | D:2      | Noticed Natasha
  2806 | D:2      | 2806 ||| Stepping ~*~*~tactically~*~*~ (stealth).
  2812 | D:2      | Killed Natasha
  2813 | D:2      | Reached skill level 5 in Axes
  2851 | D:2      | 2851 ||| READING scroll labelled TUSAIJ VIFF.
  2852 | D:2      | 2852 ||| READING scroll labelled NAIREI DIXE.
  2853 | D:2      | 2853 ||| READING 3 scrolls labelled INUN ESAOMAU.
  2854 | D:2      | 2854 ||| DROPPING 2 scrolls of fear.
  2910 | D:3      | 2910 ||| Stepping ~*~*~tactically~*~*~ (stealth).
  2913 | D:3      | 2913 ||| Stepping ~*~*~tactically~*~*~ (stealth).
  2914 | D:3      | 2914 ||| Stepping ~*~*~tactically~*~*~ (stealth).
  3010 | D:3      | 3010 ||| FLEEEEING.
  3132 | D:3      | 3132 ||| DROPPING +0 mace.
  3158 | D:3      | HP: 8/33 [orc/+0 dagger (3)]
  3165 | D:3      | HP: 3/33 [orc priest/nerve-wracking pain (2)]
  3165 | D:3      | Slain by an orc priest

Levels and vault maps discovered:
D:1:      evilmike_arrival_rings, layout_loops_corners, minmay_small_reverse_x
D:2:      layout_basic, uniq_natasha
D:3:      layout_basic, kennysheep_orc_sif_temple, minmay_pentomino_pile

Skill      XL: |  1  2  3  4  5 |
---------------+----------------+-----
Axes           | 2 3 4 5 |  5.0
Fighting       | 4 |  4.0
Armour         | |  3.2
Dodging        | |  0.3
Shields        | |  3.2

Action                   |  1- 3 |  4- 6 || total
-------------------------+-------+-------++-------
Melee: War axe           |    71 |   117 ||   188
  Use: Scroll            |     3 |     4 ||     7
Armor: Scale mail        |    28 |    82 ||   110
Dodge: Dodged            |    24 |    58 ||    82
Block: Buckler           |    11 |    26 ||    37

Table legend:
 A = Non-vault XP
 B = Vault XP
 C = Vault XP percentage of total XP
 D = Non-vault monster count
 E = Vault monster count
 F = Vault count percentage of total count
                 A         B        C        D         E       F
            +---------+---------+-------+---------+---------+-------
      Total |     269 |      48 |  15.1 |      55 |      10 |  15.4
            +---------+---------+-------+---------+---------+-------
        D:1 |      43 |       6 |  12.2 |      19 |       4 |  17.4
        D:2 |     160 |      33 |  17.1 |      23 |       1 |   4.2
        D:3 |      66 |       9 |  12.0 |      13 |       5 |  27.8
            +---------+---------+-------+---------+---------+-------
